 Dungeon Crawl Stone Soup version 0.22-a0-348-gd16d139 (webtiles) character file.

4255 George the Carver (level 10, 0/91 HPs)
             Began as a Minotaur Fighter on Apr 7, 2018.
             Was a High Priest of Okawaru.
             Slain by a komodo dragon (shapeshifter) (16 damage)
             ... on level 8 of the Dungeon.
             The game lasted 00:13:57 (6816 turns).

George the Carver (Minotaur Fighter)                Turns: 6816, Time: 00:13:58

Health: 0/91       AC: 14    Str: 23    XL:     10   Next: 10%
Magic:  0/14       EV:  4    Int:  5    God:    Okawaru [*****.]
Gold:   334        SH: 10    Dex: 11    Spells: 9/9 levels left

rFire    . . .     SeeInvis .   x - +1 scimitar (flame)
rCold    . . .     Gourm    .   c - +1 shield
rNeg     . . .     Faith    .   o - +0 plate armour
rPois    .         Spirit   +   (helmet restricted)
rElec    .         Reflect  .   k - scarf {Spirit}
rCorr    .         Harm     .   (no gloves)
MR       .....                  (no boots)
Stlth    ..........             (no amulet)
HPRegen  0.25/turn              (no ring)
MPRegen  0.14/turn              (no ring)

@: hasted, drained, very quick
A: retaliatory headbutt, horns 2
a: Heroism, Finesse, Renounce Religion


You were on level 8 of the Dungeon.
You worshipped Okawaru.
Okawaru was extremely pleased with you.
You were not hungry.

You visited 2 branches of the dungeon, and saw 9 of its levels.
You also visited: Ossuary.

You collected 334 gold pieces.

Inventory:

Hand Weapons
 x - a +1 scimitar of flaming (weapon)
Armour
 c - a +1 shield (worn)
 k - a scarf of spirit shield (worn)
 o - a +0 plate armour (worn)
Wands
 m - a wand of disintegration (15)
 w - a wand of polymorph (3)
 D - a wand of flame (60)
Scrolls
 g - a scroll of remove curse
 i - 3 scrolls of enchant weapon
 n - a scroll of enchant armour
 p - 3 scrolls of teleportation
 q - a scroll of fog {unknown}
 u - a scroll of fear
 v - 5 scrolls of magic mapping
Potions
 d - 4 potions of might
 e - 2 potions of flight
 h - 4 potions of agility
 j - a potion of berserk rage
 l - a potion of magic
 r - 5 potions of curing
 t - 2 potions of haste
 A - 3 potions of ambrosia {unknown}
 B - a potion of cancellation {unknown}
Comestibles
 f - 17 rations


   Skills:
 + Level 9.1(8.9) Fighting
 + Level 10.2(9.9) Long Blades
 + Level 9.2(8.9) Armour
 - Level 3.6(3.4) Shields
 + Level 6.8(6.6) Invocations


You had 9 spell levels left.
You didn't know any spells.

Dungeon Overview and Level Annotations

Branches:
Dungeon (8/15)             Temple (1/1) D:7
   Lair: D:8-11

Altars:
Ashenzari
Cheibriados
Dithmenos
Elyvilon
Fedhas
Gozag
Hepliaklqana
Kikubaaqudgha
Makhleb
Nemelex Xobeh
Okawaru
Qazlal
Ru
Sif Muna
Trog
Uskayaw
Vehumet
Wu Jian
Xom
Yredelemnul
Zin
The Shining One

Shops:
D:4 !   D:5 }


Innate Abilities, Weirdness & Mutations

You reflexively headbutt those who attack you in melee.
You have a pair of horns on your head.


Message History

The troll is heavily wounded.
The troll bites you!
* * * LOW HITPOINT WARNING * * *
The troll claws you.
* * * LOW HITPOINT WARNING * * *
You block the troll's attack.
You barely miss the troll.
The troll is heavily wounded.
You hit the troll. You burn the troll. You headbutt the troll.
The troll is almost dead.
The troll changes into a komodo dragon!
Your shield and plate armour prevent you from hitting the komodo dragon.
The komodo dragon is heavily wounded.
You feel better. You block the komodo dragon's attack.
You closely miss the komodo dragon.
The komodo dragon is heavily wounded.
You hit the komodo dragon. You burn the komodo dragon.
The komodo dragon is heavily wounded.
The komodo dragon bites you!
You die...

... #...
.......).)#.#
#.#### ###
#...#+#######...#.#
#.....
#.8.........#...#.#
######
#..[...8....#...#.#
# #...[..... #...#
#
+#..[[t§.#####)..#
#
...../.(§).......#
#
..8.!....#l......#
#
.......8.#@W.(...#
#
####+#...#...#####
# #...#)..# #
#...#...# #
#...#...# #
#####...# ## ....#
#. .....+ #.
......# #.


You could see a komodo dragon shaped shifter and a phantom.

Vanquished Creatures
  Erica (D:8)
  The ghost of Nr616 the Spear-Bearer, a novice MfGl of the Shining One (D:6)
  Joseph (D:7)
  The ghost of xccam the Covered, a novice GnWn of the Shining One (D:5)
  Grinder (D:4)
  A wraith (Ossuary)
  Duvessa (D:5)
  2 ice beasts
  A sky beast (D:7)
  4 centaurs
  2 ogres
  A gnoll sergeant (D:5)
  A bullfrog (D:5)
  Dowan (D:5)
  3 scorpions
  8 wights
  2 howler monkeys (D:7)
  A crimson imp (D:6)
  A bullfrog zombie (D:7)
  A quasit (D:5)
  A human zombie (Ossuary)
  An orc priest (D:6)
  2 bullfrog skeletons
  3 hounds
  An iguana (D:6)
  3 orc wizards
  A hound skeleton (D:6)
  3 mummies (Ossuary)
  4 gnolls (D:5)
  12 adders
  A shadow imp (D:7)
  An adder skeleton (D:5)
  5 worms
  9 leopard geckos
  14 orcs
  A ball python (D:5)
  4 giant cockroaches
  A goblin (D:1)
  4 hobgoblins
  7 jackals
  3 kobolds
  3 bats
  10 frilled lizards
  A gnoll zombie (Ossuary)
  4 goblin zombies (Ossuary)
  3 hobgoblin zombies (Ossuary)
  A jackal skeleton (D:6)
  4 kobold zombies (Ossuary)
  12 rats
154 creatures vanquished.

Vanquished Creatures (others)
  A howler monkey (D:8)
1 creature vanquished.

Grand Total: 155 creatures vanquished

Notes
Turn   | Place    | Note
-------+----------+-------------------------------------------
     0 | D:1      | George the Minotaur Fighter began the quest for the Orb.
     0 | D:1      | Reached XP level 1. HP: 19/19 MP: 0/0
    45 | D:1      | Reached skill level 3 in Long Blades
    66 | D:1      | Reached XP level 2. HP: 26/26 MP: 1/1
   402 | D:1      | Reached skill level 4 in Long Blades
   715 | D:2      | Reached XP level 3. HP: 31/31 MP: 2/2
  1002 | D:2      | Reached skill level 5 in Long Blades
  1200 | D:2      | Reached XP level 4. HP: 30/39 MP: 3/3
  1527 | D:3      | Found a white marble altar of Elyvilon.
  1621 | D:3      | Found a faded altar of an unknown god.
  1621 | D:3      | Found a radiant altar of Vehumet.
  1626 | D:3      | Found an iron altar of Okawaru.
  1628 | D:3      | Found a shadowy altar of Dithmenos.
  1629 | D:3      | Found a hazy altar of Hepliaklqana.
  1633 | D:3      | Became a worshipper of Warmaster Okawaru
  2128 | D:4      | Found a sand-covered staircase.
  2132 | Ossuary  | Entered an ossuary
  2132 | Ossuary  | Noticed a wraith
  2132 | Ossuary  | Noticed a wraith
  2132 | Ossuary  | Noticed a wraith
  2206 | Ossuary  | Reached skill level 6 in Long Blades
  2206 | Ossuary  | Reached XP level 5. HP: 45/46 MP: 4/4
  2363 | Ossuary  | Reached skill level 1 in Invocations
  2372 | Ossuary  | Noticed a wraith
  2381 | Ossuary  | Killed a wraith
  2381 | Ossuary  | Reached * piety under Okawaru
  2381 | Ossuary  | Reached XP level 6. HP: 21/53 MP: 1/6
  2686 | D:4      | Found Ycrakiw's Distillery.
  3335 | D:5      | Entered Level 5 of the Dungeon
  3335 | D:5      | Noticed Dowan
  3336 | D:5      | Noticed Duvessa
  3348 | D:5      | Killed Duvessa
  3357 | D:5      | Killed Dowan
  3357 | D:5      | Reached skill level 5 in Fighting
  3357 | D:5      | Reached skill level 5 in Armour
  3357 | D:5      | Reached XP level 7. HP: 44/61 MP: 4/8
  3421 | D:5      | Reached skill level 7 in Long Blades
  3563 | D:5      | Noticed Grinder
  3565 | D:5      | Paralysed by Grinder for 2 turns
  3848 | D:4      | Reached ** piety under Okawaru
  3918 | D:5      | Paralysed by Grinder for 4 turns
  3927 | D:5      | Paralysed by Grinder for 4 turns
  3938 | D:5      | Paralysed by Grinder for 2 turns
  3941 | D:5      | Noticed xccam's ghost (novice GnWn)
  3941 | D:5      | Paralysed by Grinder for 3 turns
  4144 | D:4      | Paralysed by Grinder for 7 turns
  4170 | D:4      | Paralysed by Grinder for 5 turns
  4184 | D:4      | Killed Grinder
  4184 | D:4      | Reached XP level 8. HP: 27/70 MP: 4/9
  4420 | D:5      | Killed xccam's ghost
  4420 | D:5      | Reached skill level 8 in Long Blades
  4522 | D:5      | Found Rulu's Gadget Emporium.
  4745 | D:6      | Reached *** piety under Okawaru
  4866 | D:6      | Reached skill level 5 in Invocations
  4932 | D:6      | Noticed Nr616's ghost (novice MfGl)
  4971 | D:6      | Killed Nr616's ghost
  4971 | D:6      | Reached XP level 9. HP: 27/79 MP: 5/12
  5700 | D:7      | Reached skill level 9 in Long Blades
  5733 | D:7      | Found a staircase to the Ecumenical Temple.
  5743 | Temple   | Entered the Ecumenical Temple
  6083 | D:7      | Noticed Joseph
  6101 | D:7      | Killed Joseph
  6101 | D:7      | Reached **** piety under Okawaru
  6662 | D:8      | Noticed Erica
  6676 | D:8      | Killed Erica
  6676 | D:8      | Reached skill level 10 in Long Blades
  6676 | D:8      | Reached XP level 10. HP: 73/91 MP: 10/14
  6786 | D:8      | Noticed a fire crab
  6786 | D:8      | a jumping spider changed into a fire crab
  6791 | D:8      | Reached ***** piety under Okawaru
  6802 | D:8      | HP: 4/91 [fire crab (shapeshifter)] (12)]
  6802 | D:8      | a fire crab changed into a troll
  6816 | D:8      | Slain by a komodo dragon (shapeshifter)

Vault maps used:
D:1:      onia_arrival_mini_maze_b, minmay_tromino_v2
D:2:      st_stairs_14
D:3:      chequers_temple_overflow_minitemple, st_stairs_7, elyvilon_altar_1
D:4:      enter_ossuary_5, serial_shops, shop, kennysheep_small_square
D:5:      serial_shops, shop_fountains, first_ration, uniq_duvessa, uniq_grinder
D:6:      st_stairs_1
D:7:      temple_fountains, uniq_joseph
D:8:      kennysheep_blocky_room, dpeg_oklobed_lair, uniq_erica
Temple:   compressed_dpeg_circular_temple
Ossuary:  ossuary_kennysheep_city_of_the_dead

Skill      XL: |  1  2  3  4  5  6  7  8  9 |
---------------+----------------------------+-----
Long Blades    | 3 4 5 6 7 8 10 | 10.2
Invocations    | 1 2 3 5 6 |  6.8
Fighting       | 4 5 6 7 9 |  9.1
Armour         | 4 5 6 7 9 |  9.2
Shields        | |  3.6

Action                   |  1- 3 |  4- 6 |  7- 9 | 10-12 || total
-------------------------+-------+-------+-------+-------++-------
Melee: Long sword        |   111 |   126 |   344 |       ||   581
       Headbutt          |    15 |    35 |    64 |    14 ||   128
       Scimitar          |       |       |       |    43 ||    43
Invok: Heroism           |       |       |       |     1 ||     1
  Use: Scroll            |       |    10 |    11 |       ||    21
       Potion            |       |       |       |     4 ||     4
  Eat: Chunk             |     1 |     6 |     9 |       ||    16
       Ration            |       |       |     1 |       ||     1
Armor: Scale mail        |    21 |       |       |       ||    21
       Plate armour      |    26 |    72 |   172 |    31 ||   301
Dodge: Dodged            |    19 |    16 |    46 |     7 ||    88
Block: Shield            |    51 |    60 |   169 |    43 ||   323
       Rpst.: Long sword |     5 |     3 |    10 |       ||    18

Table legend:
 A = Spawn XP
 B = Non-spawn XP
 C = Spawn XP percentage of total XP
 D = Spawn monster count
 E = Non-spawn monster count
 F = Spawn count percentage of total count
 G = Total turns spent on level
                    A         B        C        D         E        F      G
               +---------+---------+-------+---------+---------+-------+---------
         Total |       0 |    6079 |   0.0 |       0 |     153 |   0.0 |  6816
               +---------+---------+-------+---------+---------+-------+---------
           D:1 |       0 |      35 |   0.0 |       0 |      22 |   0.0 |   704
           D:2 |       0 |      69 |   0.0 |       0 |      18 |   0.0 |   761
           D:3 |       0 |      70 |   0.0 |       0 |      14 |   0.0 |   604
           D:4 |       0 |     436 |   0.0 |       0 |       9 |   0.0 |  1499
           D:5 |       0 |    1118 |   0.0 |       0 |      20 |   0.0 |   614
           D:6 |       0 |    1084 |   0.0 |       0 |      27 |   0.0 |   975
           D:7 |       0 |    1400 |   0.0 |       0 |      17 |   0.0 |   753
           D:8 |       0 |    1557 |   0.0 |       0 |      10 |   0.0 |   254
       Ossuary |       0 |     310 |   0.0 |       0 |      16 |   0.0 |   534
               +---------+---------+-------+---------+---------+-------+---------
